 Dungeon Crawl Stone Soup version 0.23-a0-650-ga4d50d4 (webtiles) character file.

10577 Amnesiac the Transmogrifier (level 11, -3/49 HPs)
             Began as a Spriggan Transmuter on Jan 2, 2019.
             Was a High Priest of Okawaru.
             Slain by an orc warrior
             ... wielding a +0 trident
              (15 damage)
             ... on level 1 of the Orcish Mines.
             The game lasted 00:31:40 (13137 turns).

Amnesiac the Transmogrifier (Spriggan Transmuter)  Turns: 13137, Time: 00:31:40

Health: -3/49      AC:  2    Str: 12    XL:     11   Next: 38%
Magic:  0/35       EV: 31    Int: 18    God:    Okawaru [*****.]
Gold:   854        SH:  0    Dex: 22    Spells: 7/30 levels left

rFire    . . .     SeeInvis +     - Unarmed
rCold    . . .     Gourm    .   (shield currently unavailable)
rNeg     . . .     Faith    .   (armour currently unavailable)
rPois    x         Spirit   +   (helmet currently unavailable)
rElec    .         Reflect  .   (cloak currently unavailable)
rCorr    .         Harm     .   (gloves unavailable)
MR       +....                  (boots unavailable)
Stlth    ++........             c - amulet of guardian spirit
HPRegen  0.16/turn              h - +6 ring of strength
MPRegen  0.24/turn              w - ring of magical power

@: spider-form, very slightly contaminated
A: tiny, unfitting armour, see invisible, herbivore, slow metabolism 2, wild
magic 2
a: End Transformation, Heroism, Finesse, Renounce Religion


You were on level 1 of the Orcish Mines.
You worshipped Okawaru.
Okawaru was extremely pleased with you.
You were completely stuffed.
You were a venomous arachnid creature.
You visited 3 branches of the dungeon, and saw 13 of its levels.

You collected 1094 gold pieces.
You spent 240 gold pieces at shops.

Inventory:

Hand Weapons
 q - a +1 shortbow
Missiles
 a - 127 arrows
Armour
 i - a +2 robe of cold resistance
 n - the +0 robe of the Kettle-Drum (melded) {rN+ Int+4}
   (You found it on level 5 of the Dungeon)

   It affects your intelligence (+4).
   It protects you from negative energy.
 o - a +2 cloak (melded)
 y - a +0 buckler
 C - a +1 cloak
Magical Staves
 G - an uncursed staff of cold
Jewellery
 c - an amulet of guardian spirit (around neck)
 h - a +6 ring of strength (left front leg)
 r - an uncursed ring of poison resistance
 w - a ring of magical power (right front leg)
 F - a +1 ring of protection
Wands
 z - a wand of paralysis (10)
Scrolls
 b - 2 scrolls of fear {!r, unknown}
 d - 4 scrolls of enchant weapon {!r}
 e - 2 scrolls of teleportation {!r}
 j - a scroll of magic mapping {!r}
 k - 2 scrolls of blinking {!r}
 l - 2 scrolls of remove curse {!r}
 m - a scroll of torment {!r, unknown}
 v - 6 scrolls of identify {!r}
 x - 2 scrolls of amnesia {!r}
 D - 2 scrolls of enchant armour {!r}
Potions
 g - a potion of magic {!q}
 p - 3 potions of curing {!q}
 s - a potion of brilliance {!q, unknown}
 t - 2 potions of mutation {!q}
 A - a potion of lignification {!q}
 B - a potion of heal wounds {!q}
Miscellaneous
 E - a lightning rod (3/4)
Comestibles
 u - 8 rations


   Skills:
 - Level 1.0 Fighting
 - Level 8.1 Bows
 + Level 9.9 Dodging
 - Level 3.0 Unarmed Combat
 - Level 10.0 Spellcasting
 * Level 14.6 Transmutations
 + Level 3.6 Invocations
 + Level 4.9 Evocations


You had 7 spell levels left.
You knew the following spells:

 Your Spells              Type           Power        Failure   Level  Hunger
a - Blade Hands           Tmut           #######...   10%         5    #####..
b - Sticks to Snakes      Tmut           #######.     3%          2    None
c - Beastly Appendage     Tmut           ######       3%          1    None
d - Spider Form           Tmut/Pois      ######....   13%         3    None
e - Mephitic Cloud        Conj/Pois/Air  ##......     63%         3    None
f - Ice Form              Ice/Tmut       ######..     24%         4    ###....
s - Conjure Flame         Conj/Fire      ##......     63%         3    None
v - Blink                 Tloc           N/A          45%         2    None

Your spell library contained the following spells:

 Spells                   Type           Power        Failure   Level  Hunger
 Flame Tongue             Conj/Fire      ##...        36%         1    None
 Magic Dart               Conj           ##..         36%         1    None
 Call Imp                 Summ           ##......     45%         2    None
 Slow                     Hex            ##......     45%         2    None
 Throw Flame              Conj/Fire      ##....       45%         2    None
 Inner Flame              Hex/Fire       ##......     63%         3    None
 Sticky Flame             Conj/Fire      ##......     90%         4    ###....
 Fireball                 Conj/Fire      ##........   99%         5    #####..


Dungeon Overview and Level Annotations

Branches:
Dungeon (10/15)            Temple (1/1) D:6            Lair (0/6) D:8
    Orc (2/2) D:10
    Elf: Orc:2

Altars:
Ashenzari
Cheibriados
Dithmenos
Elyvilon
Fedhas
Gozag
Hepliaklqana
Kikubaaqudgha
Makhleb
Nemelex Xobeh
Okawaru
Qazlal
Ru
Sif Muna
Trog
Uskayaw
Vehumet
Wu Jian
Xom
Yredelemnul
Zin
The Shining One

Shops:
D:8 ?   D:9 :


Innate Abilities, Weirdness & Mutations

You are very small and have problems with some larger weapons.
You are too small for most types of armour.
You have supernaturally acute eyesight. (SInv)
You are a herbivore.
((You cover ground extremely quickly.))
You need to consume almost no food.
((You are partially covered in icy blue scales. (AC +2)))
((Your system is resistant to poisons. (rPois)))
Your spells are harder to cast, but more powerful.


Message History

Confirm with . or Enter, or press ? or * to list all spells.
You turn into a venomous arachnid creature.
You climb downwards.
An orc warrior and an orc priest come into view.
The orc priest shouts!
The orc warrior completely misses you. The orc barely misses you.
The orc warrior barely misses you.
The orc priest invokes the aid of Beogh against you.
Beogh smites you!
The orc knight roars a battlecry!
The orcs go into a battle-frenzy!
The orc warrior completely misses you. The orc warrior barely misses you.
The orc completely misses you.
The orc priest mumbles some strange prayers to Beogh against you.
Beogh smites you!
There is a stone staircase leading up here.
The orc warrior completely misses you.
The orc priest invokes the aid of Beogh against you.
Beogh smites you! The orc knight completely misses you.
The orc warrior closely misses you. The orc priest completely misses you.
The orc knight roars a battlecry!
The orc knight goes into a battle-frenzy!
The orc warrior hits you with a +0 scimitar!!
* * * LOW HITPOINT WARNING * * *
The orc priest calls down the wrath of Beogh upon you.
Beogh smites you!
* * * LOW HITPOINT WARNING * * *
The orc completely misses you.
You climb upwards.
There is a stone staircase leading down, spattered with blood here.
Really read
k - 3 scrolls of blinking {!r}?
Blink to where?
Press: ? - help, Dir - move target cursor You are very lightly contaminated with residual magic.
As you read the scroll of blinking {!r}, it crumbles to dust.
Evoke which item? (* to show all) (? for menu, Esc to quit)
Aiming: Thunderbolt
Press: ? - help, Shift-Dir - straight line, f - you
Okay, then.
Evoke which item? (* to show all) (? for menu, Esc to quit)
Aiming: Paralyse
Press: ? - help, Shift-Dir - straight line, f - orc priest
Aim: an orc priest, wielding a +0 mace and wearing a +0 leather armour The orc priest suddenly stops moving!
Unknown command.
Things that are here:
a +0 mace; a +0 robe; a +0 dagger Evoke which item? (* to show all) (? for menu, Esc to quit)
Aiming: Thunderbolt
Press: ? - help, Shift-Dir - straight line, p - orc priest
Okay, then.
Unknown command.
Unknown command.
Evoke which item? (* to show all) (? for menu, Esc to quit)
Aiming: Thunderbolt
Press: ? - help, Shift-Dir - straight line, f/p - orc priest
Aim: an orc priest, wielding a +0 mace and wearing a +0 leather armour The thunderbolt hits the orc.
You kill the orc!
The thunderbolt hits the orc priest.
The orc priest is heavily wounded.
The orc warrior completely misses you. The orc knight misses you.
The orc warrior hits you from afar with a +0 trident!!
You die...

#..## #....(......# #...#
####.[<)..### #####.####
###...)[..#
##.#....#.###.#.....(.##
#.........##.........[[###
......#...##.....o..[....#
#....##..........oo......###
......##..........#.#..).[[#
...)####........s###....o[>#
...)#.#..........#.#.....[)#
#.....##..................##
#.....#..................##
#.........#.#...........##
#.###.....#####.......###
....#.....## #.....###
#.##.......# ##....#
###...#.#.## ##.####


You could see an orc knight and 2 orc warriors.

Vanquished Creatures
  Fannar (D:10)
  A two-headed ogre (D:10)
  2 orc knights
  A troll (D:8)
  The ghost of ThereIsNoGod the Chopper, an amateur MiFi of Okawaru (D:5)
  A hippogriff (D:8)
  Sigmund (D:5)
  A spriggan (D:8)
  Menkaure (D:5)
  A warg (D:10)
  Duvessa (D:5)
  A water moccasin (D:8)
  A black bear (D:10)
  12 orc warriors
  An ice beast (D:8)
  A phantom (D:5)
  6 ogres
  3 wolves (D:8)
  3 necrophages (D:6)
  3 centaurs
  5 bullfrogs
  A gnoll sergeant (D:10)
  Dowan (D:5)
  A wyvern skeleton (D:10)
  2 scorpions
  10 killer bees
  3 wights (D:7)
  3 electric eels (D:8)
  4 bullfrog zombies
  6 crimson imps
  A jelly (D:7)
  4 hounds
  11 orc priests
  Crazy Yiuf (D:5)
  5 iguanas
  9 orc wizards
  2 bullfrog skeletons (D:6)
  5 worker ants
  A howler monkey zombie (D:10)
  4 worker ant zombies
  5 gnolls
  9 adders
  3 shadow imps
  3 adder zombies
  An adder skeleton (D:4)
  6 worms
  A dart slug (D:2)
  3 leopard geckos
  43 orcs
  7 bats
  10 giant cockroaches
  10 goblins
  3 hobgoblins
  3 kobolds
  5 quokkas
  A ball python (D:4)
  5 frilled lizards
  A giant cockroach zombie (D:5)
  A jackal skeleton (D:4)
  A leopard gecko skeleton (D:4)
  2 leopard gecko zombies
  A quokka skeleton (D:4)
  A quokka zombie (D:6)
  5 rats
  A bush (D:6)
  A plant (D:6)
254 creatures vanquished.

Vanquished Creatures (collateral kills)
  An orc warlord (D:10)
  A two-headed ogre (D:8)
  Pikel (D:7)
  Joseph (D:7)
  An orc warrior (D:10)
  An ice beast (D:7)
  An ogre (D:7)
  An iguana (D:6)
  2 orc wizards (D:7)
  An adder (D:2)
  A shadow imp (D:5)
  A dart slug (D:5)
  8 orcs
  A kobold (D:2)
22 creatures vanquished.

Vanquished Creatures (others)
  A slave (D:7)
  2 wights (D:7)
  4 plants (D:6)
7 creatures vanquished.

Grand Total: 283 creatures vanquished

Notes
Turn   | Place    | Note
-------+----------+-------------------------------------------
     0 | D:1      | Amnesiac the Spriggan Transmuter began the quest for the
                  | Orb.
     0 | D:1      | Reached XP level 1. HP: 9/9 MP: 5/5
   117 | D:2      | Reached skill level 3 in Transmutations
   121 | D:2      | Found a sparkling altar of Nemelex Xobeh.
   261 | D:1      | Reached skill level 1 in Fighting
   261 | D:1      | Reached XP level 2. HP: 13/14 MP: 4/6
   268 | D:1      | Learned a level 2 spell: Sticks to Snakes
   918 | D:4      | Reached XP level 3. HP: 12/18 MP: 8/8
   923 | D:4      | Learned a level 3 spell: Spider Form
   993 | D:4      | Found a radiant altar of Vehumet.
  1431 | D:4      | Reached skill level 4 in Transmutations
  1475 | D:4      | Reached XP level 4. HP: 8/22 MP: 3/10
  1635 | D:4      | Noticed an ogre
  1651 | D:4      | Killed an ogre
  1651 | D:4      | Reached skill level 5 in Transmutations
  1651 | D:4      | Reached XP level 5. HP: 22/25 MP: 6/11
  1736 | D:4      | Learned a level 5 spell: Blade Hands
  1758 | D:5      | Entered Level 5 of the Dungeon
  1781 | D:5      | Noticed Sigmund
  1798 | D:5      | Killed Sigmund
  1798 | D:5      | Reached skill level 5 in Dodging
  1798 | D:5      | Reached skill level 6 in Transmutations
  1798 | D:5      | Reached XP level 6. HP: 21/30 MP: 9/13
  2582 | D:5      | Reached skill level 7 in Transmutations
  2582 | D:5      | Reached XP level 7. HP: 30/33 MP: 9/15
  2598 | D:5      | Noticed Menkaure
  2608 | D:5      | Reached skill level 5 in Spellcasting
  2628 | D:5      | Killed Menkaure
  2821 | D:5      | Reached skill level 8 in Transmutations
  2959 | D:5      | Reached XP level 8. HP: 23/37 MP: 9/17
  3056 | D:5      | Found a runed door.
  3059 | D:5      | Noticed ThereIsNoGod's ghost (amateur MiFi)
  3096 | D:5      | Noticed Duvessa
  3097 | D:5      | Noticed Dowan
  3112 | D:5      | Killed Duvessa
  3112 | D:5      | Reached skill level 9 in Transmutations
  3114 | D:5      | Killed Dowan
  3260 | D:5      | Got a wizard robe
  3295 | D:5      | Killed ThereIsNoGod's ghost
  3712 | D:5      | Found a runed door.
  3717 | D:5      | Noticed Crazy Yiuf
  3725 | D:5      | Killed Crazy Yiuf
  3725 | D:5      | Reached skill level 10 in Transmutations
  3779 | D:5      | Identified the +0 robe of the Kettle-Drum {rN+ Int+4} (You
                  | found it on level 5 of the Dungeon)
  3862 | D:6      | Found an iron altar of Okawaru.
  3865 | D:6      | Found a snail-covered altar of Cheibriados.
  3912 | D:6      | Found a burning altar of Makhleb.
  3912 | D:6      | Found an ancient bone altar of Kikubaaqudgha.
  3914 | D:6      | Found a white marble altar of Elyvilon.
  4007 | D:7      | Reached skill level 11 in Transmutations
  4148 | D:7      | Reached XP level 9. HP: 23/41 MP: 19/21
  4240 | D:7      | Noticed Pikel
  4247 | D:7      | Noticed Joseph
  4325 | D:6      | Found a sand-covered staircase.
  4511 | D:8      | Found a staircase to the Lair.
  4512 | D:8      | Noticed a troll
  4517 | D:8      | Noticed a two-headed ogre
  4549 | D:7      | Gained mutation: Your spells are a little harder to cast,
                  | but a little more powerful. [potion of mutation]
  4549 | D:7      | Gained mutation: Your spells are harder to cast, but more
                  | powerful. [potion of mutation]
  4549 | D:7      | Gained mutation: You are partially covered in icy blue
                  | scales. (AC +2) [potion of mutation]
  4549 | D:7      | Gained mutation: Your system is resistant to poisons.
                  | (rPois) [potion of mutation]
  4563 | D:7      | Reached skill level 12 in Transmutations
  4589 | D:7      | HP: 2/41 [Joseph/sling bullet (10)]
  4603 | D:7      | Killed Joseph
  4680 | D:7      | Killed Pikel
  4715 | D:6      | Became a worshipper of Warmaster Okawaru
  5677 | D:2      | Found a blossoming altar of Fedhas.
  6822 | D:6      | Reached skill level 1 in Bows
  6969 | D:6      | Found a blossoming altar of Fedhas.
  6977 | D:6      | Found a staircase to the Ecumenical Temple.
  7224 | D:6      | Reached skill level 13 in Transmutations
  7289 | Temple   | Entered the Ecumenical Temple
  7865 | D:8      | Killed a troll
  7865 | D:8      | Reached * piety under Okawaru
  7865 | D:8      | Reached skill level 5 in Bows
  7865 | D:8      | Reached XP level 10. HP: 32/44 MP: 21/24
  8303 | D:8      | Found Vifuuffagu's Magic Scroll Shoppe.
  8429 | D:8      | HP: 3/66 [electric eel/bolt of electricity (4)]
  8861 | D:8      | Killed a two-headed ogre
  8861 | D:8      | Reached ** piety under Okawaru
  8912 | D:8      | Found a glowing golden altar of the Shining One.
  9117 | D:9      | Found Paelir's Book Shop.
  9125 | D:9      | Bought a book of Minor Magic for 240 gold pieces
  9128 | D:9      | Learned a level 2 spell: Blink
  9132 | D:9      | Learned a level 3 spell: Mephitic Cloud
  9136 | D:9      | Learned a level 3 spell: Conjure Flame
  9568 | D:10     | Entered Level 10 of the Dungeon
  9840 | D:10     | Found a staircase to the Orcish Mines.
  9865 | D:10     | Reached skill level 1 in Evocations
  9908 | D:10     | Noticed a two-headed ogre
  9919 | D:10     | Killed a two-headed ogre
  9919 | D:10     | Reached *** piety under Okawaru
  9919 | D:10     | Reached skill level 1 in Invocations
 10357 | D:10     | Noticed Fannar
 10375 | D:10     | Learned a level 4 spell: Ice Form
 10456 | D:10     | Killed Fannar
 10662 | Orc:1    | Entered Level 1 of the Orcish Mines
 10662 | Orc:1    | Noticed an orc warlord
 10676 | D:10     | Reached skill level 14 in Transmutations
 11033 | D:10     | Killed an orc warlord
 11033 | D:10     | Reached **** piety under Okawaru
 11033 | D:10     | Reached XP level 11. HP: 49/49 MP: 25/25
 11434 | Orc:1    | Noticed an orc knight
 11483 | D:10     | Killed an orc knight
 11641 | Orc:1    | Reached skill level 10 in Spellcasting
 11930 | Orc:2    | Entered Level 2 of the Orcish Mines
 12023 | Orc:2    | Noticed an orc knight
 12161 | Orc:1    | Reached ***** piety under Okawaru
 12167 | Orc:2    | Noticed an orc knight
 12220 | Orc:2    | Noticed an orc knight
 12254 | Orc:2    | HP: 1/49 [orc priest/divine providence (9)]
 12881 | Orc:1    | Killed an orc knight
 13137 | Orc:1    | Slain by an orc warrior

Vault maps used:
D:1:      matt_arrival_spirals
D:2:      nemelex_xobeh_ov_fountains_minmay, old_standard_altar
D:4:      fiery_altar_vehumet, first_ration, chequers_serial_rivers_room_b,
          corexii_checkpoint_a
D:5:      minmay_opposing_rooms, hellmonk_ghost_happy_afterlife,
          grunt_ministairs_15, uniq_menkaure, uniq_duvessa,
          uniq_crazy_yiuf_cottage, uniq_sigmund
D:6:      nicolae_overflow_hidden_temple, minmay_temple_entry_mist,
          enter_ossuary_1, fedhas_altar_decomposition
D:7:      uniq_pikel, uniq_joseph
D:8:      marbit_many_paths, erik_lair_island, serial_shops,
          kennysheep_mini_moat, the_bakery
D:9:      serial_shops, nicolae_shop_statue_plus
D:10:     orc_0_dummy, uniq_fannar
Temple:   nicolae_temple_figure_eight
Orc:1:    serial_shops, shop
Orc:2:    st_orc_pillars, basic_altar, ebering_ghost_reflecting_pool,
          minmay_orc_treasury, uniq_rupert

Skill      XL: |  1  2  3  4  5  6  7  8  9 10 11 |
---------------+----------------------------------+-----
Transmutations | 3 4 5 6 7 8 11 13 14 | 14.6
Fighting       | 1 |  1.0
Spellcasting   | 3 4 5 7 9 10 | 10.0
Dodging        | 4 5 6 8 9 |  9.9
Unarmed Combat | 3 |  3.0
Bows           | 5 8 |  8.1
Evocations     | 3 4 |  4.9
Invocations    | 2 3 |  3.6

Action                   |  1- 3 |  4- 6 |  7- 9 | 10-12 || total
-------------------------+-------+-------+-------+-------++-------
Melee: Unarmed           |   156 |    62 |   650 |   425 ||  1293
       Kick              |     4 |       |       |       ||     4
       Headbutt          |     7 |       |       |       ||     7
       Punch             |     1 |       |     3 |     1 ||     5
 Fire: Shortbow          |       |       |     7 |    26 ||    33
 Cast: Beastly Appendage |    14 |       |       |       ||    14
       Sticks to Snakes  |     4 |     7 |     6 |    12 ||    29
       Spider Form       |     4 |     7 |    27 |    14 ||    52
       Blade Hands       |       |     1 |    10 |    14 ||    25
       Ice Form          |       |       |       |     3 ||     3
       Mephitic Cloud    |       |       |       |     2 ||     2
 Abil: End Transformatio |       |       |     2 |       ||     2
Evoke: Wand              |       |       |       |     1 ||     1
       Lightning rod     |       |       |       |     1 ||     1
  Use: Scroll            |       |     3 |     9 |     2 ||    14
       Potion            |       |     3 |     2 |     8 ||    13
 Stab: Sleeping          |     2 |       |     6 |     3 ||    11
  Eat: Ration            |       |     2 |     6 |     7 ||    15
Armor: Robe              |    15 |       |    32 |    18 ||    65
       Skin              |     2 |       |    16 |    48 ||    66
Dodge: Dodged            |   133 |    43 |   652 |   571 ||  1399

Table legend:
 A = Non-vault XP
 B = Vault XP
 C = Vault XP percentage of total XP
 D = Non-vault monster count
 E = Vault monster count
 F = Vault count percentage of total count
                 A         B        C        D         E       F
            +---------+---------+-------+---------+---------+-------
      Total |    9516 |    5594 |  37.0 |     220 |      54 |  19.7
            +---------+---------+-------+---------+---------+-------
        D:1 |      27 |       0 |   0.0 |      16 |       0 |   0.0
        D:2 |     128 |       0 |   0.0 |      25 |       0 |   0.0
        D:3 |      46 |       0 |   0.0 |      14 |       0 |   0.0
        D:4 |     181 |       5 |   2.7 |      13 |       2 |  13.3
        D:5 |     640 |    1311 |  67.2 |      19 |      15 |  44.1
        D:6 |     461 |     434 |  48.5 |      12 |       7 |  36.8
        D:7 |    1357 |     538 |  28.4 |      39 |       2 |   4.9
        D:8 |    1387 |    1062 |  43.4 |      14 |       9 |  39.1
        D:9 |     254 |       0 |   0.0 |      11 |       0 |   0.0
       D:10 |    3751 |     976 |  20.6 |      30 |       1 |   3.2
      Orc:1 |    1042 |     987 |  48.6 |      23 |       5 |  17.9
      Orc:2 |     242 |     281 |  53.7 |       4 |      13 |  76.5
            +---------+---------+-------+---------+---------+-------
